 Dungeon Crawl Stone Soup version 0.30-a0-166-g5d06c95188 (webtiles) character file.

Game seed: 5178920461355357452

450 qw the Shield-Bearer (level 7, -6/41 HPs)
             Began as a Gargoyle Fighter on Sept 29, 2022.
             Killed by nerve-wracking pain
             ... invoked by an orc priest
              (7 damage)
             ... on level 5 of the Dungeon.
             The game lasted 00:01:23 (5098 turns).

qw the Shield-Bearer (Gargoyle Fighter)             Turns: 5098, Time: 00:01:23

Health: -6/41      AC: 21    Str: 16    XL:     7   Next: 4%
Magic:  7/7        EV:  1    Int:  9    God:
Gold:   105        SH: 13    Dex:  9    Spells: 6/6 levels left

rFire   . . .      SeeInvis +    Y - +1 war axe
rCold   . . .      Faith    .    p - +0 tower shield
rNeg    + . .      Spirit   .    q - +0 plate armour
rPois   inf        Reflect  .    e - +0 helmet
rElec   +          Harm     .    (no cloak)
rCorr   .          Rampage  .    h - +0 pair of gloves
Will    +....                    a - +2 pair of boots of Ciucrior {Will+ Str-5 Slay+2 SInv}
Stlth   ..........               (no amulet)
HPRegen 0.13/turn                (no ring)
MPRegen 0.10/turn                (no ring)

@: flying
A: sickness immunity, AC +4, negative energy resistance 1, electricity
resistance, torment resistance 1, petrification resistance, big wings
a: no special abilities


You were on level 5 of the Dungeon.
You visited 2 branches of the dungeon, and saw 6 of its levels.

You collected 105 gold pieces.


Innate Abilities, Weirdness & Mutations

You are immune to sickness and miasma.
Your stone body is resilient. (AC +4)
You are immune to poison.
You resist negative energy. (rN+)
You are resistant to electric shocks. (rElec)
You are resistant to unholy torment.
You are immune to petrification.
Your large and strong wings let you fly.


   Skills:
 - Level 3.2 Fighting
 - Level 4.0 Axes
 - Level 3.2 Armour
 + Level 7.2 Shields


You had 6 spell levels left.
You didn't know any spells.
Your spell library was empty.

Inventory:

Hand Weapons
 r - a +0 whip
 Y - a +1 war axe (weapon)
Missiles
 c - 3 boomerangs (quivered)
Armour
 a - the +2 pair of boots of Ciucrior (worn) {Will+ Str-5 Slay+2 SInv}
   (You acquired it on level 4 of the Dungeon)

   Str:       It affects your strength (-5).
   Slay:      It affects your accuracy & damage with ranged weapons and melee
   (+2).
   SInv:      It lets you see invisible.
   Will:      It increases your willpower.
 e - a +0 helmet (worn)
 h - a +0 pair of gloves (worn)
 p - a +0 tower shield (worn)
 q - a +0 plate armour (worn)
Potions
 d - 2 potions of might
 g - a potion of brilliance {unknown}
 i - a potion of flight {unknown}
 j - a potion of mutation
 l - 5 potions of curing
 m - 2 potions of haste
 n - a potion of attraction {unknown}
 o - a potion of lignification {unknown}
 s - a potion of cancellation {unknown}

Dungeon Overview and Level Annotations

Branches:
Dungeon (5/15)             Temple (1/1) D:4

Altars:
Cheibriados
Elyvilon
Fedhas
Hepliaklqana
Makhleb
Qazlal
Sif Muna
Trog
Vehumet
Wu Jian
Zin
The Shining One

Annotations:
D:4 1 runed translucent door, Crazy Yiuf


Message History

You kill the orc priest!
You have reached level 7!
You start resting.
HP restored.
You start waiting.
An orc priest is nearby!
The orc priest invokes the aid of Beogh against you.
You resist with some effort.
Things that are here:
a +0 leather armour; a +0 hand axe You barely miss the orc priest.
You block the orc priest's attack.
You hit the orc priest but do no damage.
The orc priest mumbles some strange prayers to Beogh against you.
Beogh smites you!
The orc priest calls down the wrath of Beogh upon you.
Beogh smites you!
You slash the orc priest!
The orc priest is heavily wounded.
You block the orc priest's attack.
You barely miss the orc priest.
The orc priest is heavily wounded.
The orc priest hits you but does no damage. x2
You hit the orc priest.
The orc priest is heavily wounded.
The orc priest hits you but does no damage.
The orc priest hits you with a +0 flail.
You barely miss the orc priest.
The orc priest is heavily wounded.
The orc priest hits you with a +0 flail.
You hit the orc priest but do no damage.
The orc priest is heavily wounded.
You block the orc priest's attack.
The orc priest hits you but does no damage.
You completely miss the orc priest.
The orc priest is heavily wounded.
The orc priest hits you with a +0 flail.
The orc priest calls down the wrath of Beogh upon you.
Pain shoots through your body!
You die...

#.#. .....
####... .....
............ #
....#...... ..
...#..>... #.
........# #..
#...#...# #...
###@o......
##...##[...<.....
#....).<.....#...
###.###......# .
#.........
#.....!...
#........#.
........##
.....#...


You could see an orc priest.

Vanquished Creatures
  An ogre (D:4)
  Blork the orc (D:4)
  A scorpion (D:4)
  A hound (D:4)
  A jelly (D:3)
  An orc priest (D:5)
  An iguana (D:5)
  Robin (D:4)
  3 adders
  An ufetubus (D:4)
  A worm (D:3)
  2 dart slugs (D:1)
  2 orcs
  4 endoplasms
  4 giant cockroaches
  10 goblins
  4 hobgoblins
  4 jackals (D:3)
  5 kobolds
  3 quokkas
  6 ball pythons
  5 bats
  2 frilled lizards
  2 rats
66 creatures vanquished.

Notes
Turn   | Place    | Note
-------+----------+-------------------------------------------
     0 | D:1      | qw the Gargoyle Fighter began the quest for the Orb.
     0 | D:1      | Reached XP level 1. HP: 14/14 MP: 1/1
     0 | D:1      | 0 ||| qw: Version: 0.2-a-12-gaebbb33
     0 | D:1      | 0 ||| qw: Game counter: 1020
     0 | D:1      | 0 ||| qw: Always use a shield: true
     0 | D:1      | 0 ||| qw: God list: Okawaru
     0 | D:1      | 0 ||| qw: Allow faded altars: false
     0 | D:1      | 0 ||| qw: Do Orc after D:15 true
     0 | D:1      | 0 ||| qw: Do second Lair branch before Depths: true
     0 | D:1      | 0 ||| qw: Lair rune preference: random
     0 | D:1      | 0 ||| qw: Plans: Normal, Zot:1-4, God:TSO, Crypt, Tomb,
                  | Pan, Slime:5, Hells, Abyss, Orb
     0 | D:1      | 0 ||| PLANNING D:1-11
   122 | D:1      | 122 ||| Stepping ~*~*~tactically~*~*~ (hiding).
   130 | D:1      | Reached XP level 2. HP: 18/19 MP: 2/2
   398 | D:1      | 398 ||| Stepping ~*~*~tactically~*~*~ (hiding).
  1175 | D:1      | 1175 ||| UPGRADING to +0 helmet.
  1180 | D:1      | 1180 ||| READING scroll labelled NEBIYCWOQE.
  1181 | D:1      | 1181 ||| READING scroll labelled LUNKORGHEOTI.
  1182 | D:1      | 1182 ||| READING scroll labelled BAD QUVENIK.
  1283 | D:1      | 1283 ||| DRINKING 2 sapphire potions.
  1284 | D:1      | 1284 ||| DRINKING 2 ruby potions.
  1462 | D:2      | Reached skill level 3 in Axes
  1473 | D:2      | Reached XP level 3. HP: 23/23 MP: 3/3
  1803 | D:2      | Found a faded altar of an unknown god.
  1986 | D:2      | 1986 ||| UPGRADING to +0 chain mail.
  1996 | D:2      | 1996 ||| DROPPING +0 scale mail.
  1997 | D:2      | 1997 ||| UPGRADING to +0 pair of gloves.
  2002 | D:2      | 2002 ||| UPGRADING to +0 tower shield.
  2012 | D:2      | 2012 ||| DROPPING +0 buckler.
  2013 | D:2      | 2013 ||| UPGRADING to +0 plate armour.
  2023 | D:2      | 2023 ||| DROPPING +0 chain mail.
  2024 | D:2      | 2024 ||| DROPPING amulet of magic regeneration.
  2025 | D:2      | 2025 ||| READING scroll labelled PIXOFERIKAY.
  2143 | D:3      | Found a white marble altar of Elyvilon.
  2282 | D:3      | Reached skill level 4 in Shields
  2282 | D:3      | Reached XP level 4. HP: 13/28 MP: 4/4
  2445 | D:3      | Identified the +4 dagger of the Pariah {flame, rElec rC+
                  | rN+}
  2514 | D:3      | 2514 ||| Stepping ~*~*~tactically~*~*~ (stealth).
  2597 | D:3      | Found an ornate altar of the Wu Jian Council.
  2825 | D:3      | 2825 ||| DROPPING ring of flight.
  2826 | D:3      | 2826 ||| READING scroll labelled JICSUE MUSHRAOSK.
  2829 | D:3      | 2829 ||| READING scroll labelled OFIMNU NADAED.
  2830 | D:3      | 2830 ||| READING scroll labelled SEFYPH FAREROS.
  2831 | D:3      | 2831 ||| READING scroll labelled RISUNY EQOA.
  2832 | D:3      | 2832 ||| READING scroll labelled LABBIXT OMPIH.
  2833 | D:3      | 2833 ||| DRINKING 2 fizzy purple potions.
  2833 | D:3      | Gained mutation: Your large and strong wings let you fly.
                  | [potion of mutation]
  3040 | D:4      | Noticed Robin
  3041 | D:4      | 3041 ||| Stepping ~*~*~tactically~*~*~ (stealth).
  3048 | D:4      | Reached skill level 5 in Shields
  3048 | D:4      | 3048 ||| Stepping ~*~*~tactically~*~*~ (stealth).
  3050 | D:4      | 3050 ||| Stepping ~*~*~tactically~*~*~ (stealth).
  3066 | D:4      | Reached XP level 5. HP: 28/32 MP: 5/5
  3138 | D:4      | 3138 ||| Stepping ~*~*~tactically~*~*~ (hiding).
  3147 | D:4      | Killed Robin
  3152 | D:4      | Noticed an ogre
  3161 | D:4      | Killed an ogre
  3162 | D:4      | Reached skill level 6 in Shields
  3491 | D:4      | Reached XP level 6. HP: 37/37 MP: 6/6
  3605 | D:4      | Found a runed translucent door.
  3606 | D:4      | Noticed Crazy Yiuf
  3686 | D:4      | Noticed Blork the orc
  3698 | D:4      | Killed Blork the orc
  3699 | D:4      | Reached skill level 7 in Shields
  3768 | D:4      | Found a staircase to the Ecumenical Temple.
  3769 | D:4      | 3769 ||| PLANNING TEMPLE
  3769 | D:4      | 3769 ||| READING scroll labelled IGRICS MENKI.
  3769 | D:4      | Identified a scroll of acquirement
  3769 | D:4      | 3769 ||| ACQUIRING +2 pair of boots of Ciucrior {Will+
                  | Str-5 Slay+2 SInv}
  3769 | D:4      | Acquired the +2 pair of boots of Ciucrior {Will+ Str-5
                  | Slay+2 SInv}
  3771 | D:4      | 3771 ||| UPGRADING to +2 pair of boots of Ciucrior {Will+
                  | Str-5 Slay+2 SInv}.
  3779 | D:4      | 3779 ||| FLEEEEING.
  3780 | D:4      | 3780 ||| FLEEEEING.
  3781 | D:4      | 3781 ||| FLEEEEING.
  3782 | D:4      | 3782 ||| FLEEEEING.
  3788 | D:4      | 3788 ||| FLEEEEING.
  3789 | D:4      | 3789 ||| FLEEEEING.
  3790 | D:4      | 3790 ||| FLEEEEING.
  3796 | D:4      | 3796 ||| FLEEEEING.
  3797 | D:4      | 3797 ||| FLEEEEING.
  3798 | D:4      | 3798 ||| FLEEEEING.
  3799 | D:4      | 3799 ||| FLEEEEING.
  3800 | D:4      | 3800 ||| FLEEEEING.
  3801 | D:4      | 3801 ||| FLEEEEING.
  3802 | D:4      | 3802 ||| FLEEEEING.
  3803 | D:4      | 3803 ||| FLEEEEING.
  3812 | D:4      | 3812 ||| FLEEEEING.
  3813 | D:4      | 3813 ||| FLEEEEING.
  3814 | D:4      | 3814 ||| FLEEEEING.
  3827 | D:4      | 3827 ||| FLEEEEING.
  3828 | D:4      | 3828 ||| FLEEEEING.
  3831 | D:4      | 3831 ||| FLEEEEING.
  3832 | D:4      | 3832 ||| FLEEEEING.
  3833 | D:4      | 3833 ||| FLEEEEING.
  3834 | D:4      | 3834 ||| FLEEEEING.
  3835 | D:4      | 3835 ||| FLEEEEING.
  3836 | D:4      | 3836 ||| FLEEEEING.
  3838 | D:4      | 3838 ||| FLEEEEING.
  3839 | D:4      | 3839 ||| FLEEEEING.
  3840 | D:4      | 3840 ||| FLEEEEING.
  3841 | D:4      | 3841 ||| FLEEEEING.
  3842 | D:4      | 3842 ||| FLEEEEING.
  3843 | D:4      | 3843 ||| FLEEEEING.
  3844 | D:4      | 3844 ||| FLEEEEING.
  3845 | D:4      | 3845 ||| FLEEEEING.
  3846 | D:4      | 3846 ||| FLEEEEING.
  3847 | D:4      | 3847 ||| FLEEEEING.
  3848 | D:4      | 3848 ||| FLEEEEING.
  3849 | D:4      | 3849 ||| FLEEEEING.
  3850 | D:4      | 3850 ||| FLEEEEING.
  3851 | D:4      | 3851 ||| FLEEEEING.
  3852 | D:4      | 3852 ||| FLEEEEING.
  3853 | D:4      | 3853 ||| FLEEEEING.
  3854 | D:4      | 3854 ||| FLEEEEING.
  3855 | D:4      | 3855 ||| FLEEEEING.
  3856 | D:4      | 3856 ||| FLEEEEING.
  3857 | D:4      | 3857 ||| FLEEEEING.
  3859 | D:4      | 3859 ||| FLEEEEING.
  3860 | D:4      | 3860 ||| FLEEEEING.
  3861 | D:4      | 3861 ||| FLEEEEING.
  3862 | D:4      | 3862 ||| FLEEEEING.
  3863 | D:4      | 3863 ||| STAIRDANCE
  3872 | D:4      | 3872 ||| STAIRDANCE
  3984 | Temple   | Entered the Ecumenical Temple
  4065 | Temple   | 4065 ||| PLANNING D:1-11
  4441 | D:5      | Entered Level 5 of the Dungeon
  4456 | D:5      | 4456 ||| FLEEEEING.
  4457 | D:5      | 4457 ||| STAIRDANCE
  4644 | D:5      | 4644 ||| STAIRDANCE
  4859 | D:5      | 4859 ||| STAIRDANCE
  5024 | D:5      | 5024 ||| Stepping ~*~*~tactically~*~*~ (hiding).
  5028 | D:5      | Reached XP level 7. HP: 40/41 MP: 7/7
  5095 | D:5      | HP: 9/41 [orc priest/+0 flail (2)]
  5096 | D:5      | HP: 4/41 [orc priest/+0 flail (5)]
  5098 | D:5      | HP: 1/41 [orc priest/+0 flail (4)]
  5098 | D:5      | Killed from afar by an orc priest

Levels and vault maps discovered:
D:1:      dpeg_arrival_simpleton_a, layout_basic, nrook_mini_vaults,
          st_stairs_3, chequers_serial_rivers_small_b, nrook_campfire
D:2:      layout_basic, hellmonk_ecumenical_altar_run_dry,
          minmay_fractal_squares_gapless_5
D:3:      layout_basic, lemuel_tele_altar, general_overflow_altar,
          chequers_serial_rivers_small_3
D:4:      layout_basic, minmay_temple_entry_statues_fountains, uniq_robin,
          uniq_blork_the_orc, uniq_crazy_yiuf_cottage
D:5:      layout_cave_pools, mainiacjoe_overflow_alcove_2, uniq_grinder,
          uniq_prince_ribbit1, uniq_pikel
Temple:   compressed_dpeg_circular_temple

Skill      XL: |  1  2  3  4  5  6 |
---------------+-------------------+-----
Axes           | 2 3 4 |  4.0
Shields        | 4 5 6 7 |  7.2
Fighting       | |  3.2
Armour         | |  3.2

Action                   |  1- 3 |  4- 6 |  7- 9 || total
-------------------------+-------+-------+-------++-------
Melee: War axe           |   102 |   100 |     8 ||   210
Throw: Boomerang         |     7 |    28 |       ||    35
  Use: Scroll            |     4 |     6 |       ||    10
       Potion            |     2 |     1 |       ||     3
Armor: Scale mail        |    29 |       |       ||    29
       Plate armour      |    38 |    72 |     4 ||   114
Dodge: Dodged            |    26 |    10 |       ||    36
Block: Buckler           |     6 |       |       ||     6
       Tower shield      |    23 |    79 |     3 ||   105

Table legend:
 A = Non-vault XP
 B = Vault XP
 C = Vault XP percentage of total XP
 D = Non-vault monster count
 E = Vault monster count
 F = Vault count percentage of total count
                 A         B        C        D         E       F
            +---------+---------+-------+---------+---------+-------
      Total |     510 |     133 |  20.7 |      52 |      14 |  21.2
            +---------+---------+-------+---------+---------+-------
        D:1 |      28 |       1 |   3.4 |      14 |       1 |   6.7
        D:2 |       8 |       8 |  50.0 |       5 |       5 |  50.0
        D:3 |      87 |       0 |   0.0 |      16 |       0 |   0.0
        D:4 |     293 |     124 |  29.7 |      13 |       8 |  38.1
        D:5 |      94 |       0 |   0.0 |       4 |       0 |   0.0
            +---------+---------+-------+---------+---------+-------
